[Event "Titled Tuesday Blitz October 25 Late 2022"]
[White "Firouzja, Alireza"]
[Black "Djokic, Mihailo"]
[WhiteFideId "12573981"]
[BlackFideId "976440"]
[WhiteElo "2903"]
[BlackElo "2315"]
[Result "1-0"]
[Round "04"]
[TimeControl "180+1"]
[Date "2022.10.26"]
[WhiteClock "0:01:07"]
[BlackClock "0:00:16"]

1. d4 Nf6 2. c4 g6 3. Nf3 Bg7 4. g3 O-O 5. Bg2 d6 6. O-O Nc6 7. Nc3 a6 8. b3 Rb8 9. Bb2 b5 10. cxb5 axb5 11. Rc1 b4 12. Na4 Bd7 13. d5 Na5 14. Nd4 e6 15. e4 exd5 16. exd5 Re8 17. h3 h5 18. Qd3 Qc8 19. Kh2 Bxa4 20. bxa4 Nd7 21. Qd2 Nc5 22. Ba1 Nxa4 23. f4 Nc5 24. f5 h4 25. fxg6 hxg3+ 26. Kh1 fxg6 27. Qg5 Ne4 28. Qxg6 Nf2+ 29. Rxf2 gxf2 30. Ne6 Qd7 31. Bxg7 Qf7 32. Qh6 Qf5 33. Bf6 Kf7 34. Qg7# 1-0


[Site "https://www.chess.com"]

[Event "Titled Tuesday Blitz October 25 Late 2022"]
[White "Floresvillar Gonzalez, Luis Migu"]
[Black "Dardha, Arben"]
[WhiteFideId "5100542"]
[BlackFideId "4700481"]
[WhiteElo "2040"]
[BlackElo "2196"]
[Result "1-0"]
[Round "04"]
[TimeControl "180+1"]
[Date "2022.10.26"]
[WhiteClock "0:00:37"]
[BlackClock "0:00:01"]

1. d4 Nf6 2. c3 d5 3. Nf3 c5 4. Bg5 Nc6 5. e3 cxd4 6. exd4 e6 7. Nbd2 Be7 8. Bd3 O-O 9. O-O h6 10. Bh4 b6 11. Re1 Bb7 12. Qe2 Nd7 13. Bg3 Bf6 14. Rad1 Re8 15. Ne5 Ndxe5 16. dxe5 Be7 17. Bb1 Bc5 18. Qd3 g6 19. Qf3 Kg7 20. Bf4 d4 21. Ne4 Be7 22. Qh3 g5 23. Bg3 Qc7 24. Nf6 dxc3 25. Nxe8+ Rxe8 26. bxc3 Na5 27. f4 Nc4 28. fxg5 Bxg5 29. Bh4 Qc5+ 30. Bf2 Qc6 31. Be4 Qc7 32. Bxb7 Qxb7 33. Bd4 Rd8 34. Qg3 Kf8 35. h4 Be7 36. Rf1 Nb2 37. Rde1 Nc4 38. Qf4 Bc5 39. Qxh6+ Ke8 40. Qh8+ Kd7 41. Rxf7+ Be7 42. Qf6 Re8 43. Rd1 Kc6 44. Qxe6+ Kb5 45. Rb1+ Ka6 46. Qxc4+ b5 47. Qe6+ Ka5 48. a4 Rg8 49. Rxb5+ 1-0


[Site "https://www.chess.com"]

[Event "Titled Tuesday Blitz October 25 Late 2022"]
[White "Goroshkov, Maksym"]
[Black "Mirzoeva, Elmira"]
[WhiteFideId "14142716"]
[BlackFideId "4127951"]
[WhiteElo "2257"]
[BlackElo "2161"]
[Result "1/2-1/2"]
[Round "04"]
[TimeControl "180+1"]
[Date "2022.10.26"]
[WhiteClock "0:00:18"]
[BlackClock "0:00:21"]

1. e4 d6 2. d4 Nf6 3. Bd3 e5 4. c3 Be7 5. Ne2 O-O 6. O-O c6 7. Bg5 h6 8. Bxf6 Bxf6 9. Nd2 Nd7 10. Nc4 Be7 11. Ng3 g6 12. Qd2 Kg7 13. Rad1 b5 14. Ne3 Bg5 15. Qc2 Qc7 16. d5 Nb6 17. dxc6 Qxc6 18. Nd5 Be6 19. Be2 Nc4 20. b3 Nb6 21. Bf3 Rac8 22. Ne2 f5 23. Nxb6 Qxb6 24. Qd3 Rfd8 25. Ng3 d5 26. exf5 e4 27. Qc2 gxf5 28. Be2 Bf6 29. Nh5+ Kf7 30. Nxf6 Kxf6 31. Qd2 Kg7 32. Qf4 Qc7 33. Qh4 Qxc3 34. Qe7+ Bf7 35. Bxb5 Qc7 36. Qh4 d4 37. f3 d3 38. Kh1 Qe5 39. Ba6 Rb8 40. fxe4 fxe4 41. Rfe1 Re8 42. Bxd3 Rbd8 43. Qg4+ Qg5 44. Qxg5+ hxg5 45. Bc2 Rxd1 46. Bxd1 e3 47. Bf3 Kf6 48. h3 Bg6 49. Kh2 Re5 50. Kg3 Bf5 51. Bg4 Bd3 52. Kf3 Be4+ 53. Kxe3 Bxg2+ 54. Kf2 Rxe1 55. Kxe1 Be4 56. Kd2 Ke5 57. Ke3 Bb1 58. a3 Ba2 59. Bd1 a5 60. Kf3 Bb1 61. Kg4 Kf6 62. Kh5 Bf5 63. Bg4 Bg6+ 64. Kh6 Bc2 65. b4 axb4 66. axb4 Bd3 67. Bd7 Bf1 68. b5 Bg2 69. Bc6 Bxh3 70. b6 Bc8 71. b7 Bxb7 72. Bxb7 g4 73. Kh5 g3 74. Bg2 Kf5 75. Kh4 Kf4 76. Kh3 Ke3 77. Kxg3 1/2-1/2


[Site "https://www.chess.com"]

[Event "Titled Tuesday Blitz October 25 Late 2022"]
[White "Graif, William"]
[Black "Goltsev, Dmitry"]
[WhiteFideId "2609835"]
[BlackFideId "24176710"]
[WhiteElo "2205"]
[BlackElo "2257"]
[Result "0-1"]
[Round "04"]
[TimeControl "180+1"]
[Date "2022.10.26"]
[WhiteClock "0:00:10"]
[BlackClock "0:02:17"]

1. e4 e6 2. d4 d5 3. Be3 dxe4 4. f3 Nf6 5. fxe4 Nxe4 6. Nf3 Nc6 7. Bd3 Nd6 8. O-O Be7 9. Nc3 h6 10. Ne5 Nxe5 11. dxe5 Nf5 12. Bf2 O-O 13. Qf3 c6 14. Qe4 h5 15. Rad1 Qa5 16. Qf3 g6 17. Rfe1 Qb4 18. Ne4 Qxb2 19. Rb1 Qxa2 20. Nf6+ Kg7 21. Be3 Rh8 22. h3 Qa5 23. g4 Nxe3 24. Qxe3 Bc5 0-1


[Site "https://www.chess.com"]

[Event "Titled Tuesday Blitz October 25 Late 2022"]
[White "Grigorov, Grigor"]
[Black "Pein, Jonathan"]
[WhiteFideId "2907313"]
[BlackFideId "417092"]
[WhiteElo "2510"]
[BlackElo "2240"]
[Result "1/2-1/2"]
[Round "04"]
[TimeControl "180+1"]
[Date "2022.10.26"]
[WhiteClock "0:00:11"]
[BlackClock "0:00:17"]

1. Nf3 Nc6 2. g3 e5 3. d3 d5 4. Bg2 f6 5. c3 Be6 6. Nbd2 Qd7 7. e4 Nge7 8. Qa4 O-O-O 9. b4 Kb8 10. b5 dxe4 11. dxe4 Nd4 12. cxd4 exd4 13. O-O h5 14. Bb2 h4 15. Bxd4 b6 16. Be3 hxg3 17. fxg3 Bh3 18. Bxh3 Qxh3 19. Bf4 Nc8 20. Rac1 Bc5+ 21. Rxc5 bxc5 22. Qa5 Nb6 23. Bxc7+ Kxc7 24. Qxa7+ Kc8 25. Qxb6 Rxd2 26. Qa6+ Kb8 27. Qb6+ Kc8 28. Qxc5+ Kd7 29. Qc6+ Ke7 30. Qc7+ Kf8 31. Qb8+ Ke7 32. Qa7+ Ke8 33. Qa8+ Ke7 34. Qa3+ Ke8 35. Qa8+ Ke7 36. Qa3+ Ke8 37. Qa8+ 1/2-1/2


[Site "https://www.chess.com"]

[Event "Titled Tuesday Blitz October 25 Late 2022"]
[White "Gritsenko, Nikolai"]
[Black "Banusz, Tamas"]
[WhiteFideId "14112493"]
[BlackFideId "722413"]
[WhiteElo "2389"]
[BlackElo "2602"]
[Result "0-1"]
[Round "04"]
[TimeControl "180+1"]
[Date "2022.10.26"]
[WhiteClock "0:00:14"]
[BlackClock "0:00:52"]

1. d4 Nf6 2. Bg5 c5 3. Bxf6 gxf6 4. c3 Qb6 5. Qd2 d5 6. Nf3 Nc6 7. dxc5 Qxc5 8. Nd4 e5 9. Nb3 Qd6 10. Na3 a6 11. Nc2 Be6 12. g3 O-O-O 13. Bg2 h5 14. O-O-O Qc7 15. Kb1 h4 16. Ne3 Bh6 17. Qd3 e4 18. Qd2 h3 19. Bf1 Ne5 20. Nd4 Nc4 21. Nxc4 Bxd2 22. Nxd2 Bg4 23. N2b3 f5 24. Re1 f4 25. e3 f3 26. Rd1 Kb8 27. a4 Bd7 28. a5 Ba4 29. Ka2 Ka7 30. Rc1 Rc8 31. Ka3 Bd7 32. Rc2 Rh6 33. c4 dxc4 34. Bxc4 Rh5 35. Ka2 Qxc4 36. Rxc4 Rxc4 37. Nd2 Ra4+ 38. Kb3 Re5 39. Nc4 Rc5 40. Rc1 Raxa5 41. Kb4 Be6 42. Nxe6 fxe6 43. b3 Rab5+ 44. Kc3 Rd5 45. Kc2 Rd3 46. Rb1 Rc5 0-1


[Site "https://www.chess.com"]

[Event "Titled Tuesday Blitz October 25 Late 2022"]
[White "Grot, Blazej"]
[Black "Curtis, John"]
[WhiteFideId "21835845"]
[BlackFideId "3200256"]
[WhiteElo "1739"]
[BlackElo "2203"]
[Result "1-0"]
[Round "04"]
[TimeControl "180+1"]
[Date "2022.10.26"]
[WhiteClock "0:00:07"]
[BlackClock "0:00:16"]

1. e4 c5 2. Nc3 d6 3. d4 cxd4 4. Qxd4 Bd7 5. b3 Nf6 6. Bb2 g6 7. O-O-O Bg7 8. Kb1 O-O 9. f3 Be6 10. Qd2 a6 11. g4 b5 12. h4 b4 13. Na4 a5 14. h5 Nbd7 15. hxg6 fxg6 16. g5 Nh5 17. Bxg7 Kxg7 18. Ne2 Rxf3 19. Nd4 Bg4 20. Rg1 Rg3 21. Rxg3 Nxg3 22. Qg2 Nf8 23. Re1 Nxf1 24. Qxg4 e5 25. Nf3 Qd7 26. Qh4 Qf7 27. Rxf1 d5 28. exd5 Qxd5 29. Nb6 Qb5 30. Nc4 a4 31. Nfxe5 Ra7 32. Qh6+ Kg8 33. Rxf8# 1-0


[Site "https://www.chess.com"]

[Event "Titled Tuesday Blitz October 25 Late 2022"]
[White "Gunduz, Umut Erdem"]
[Black "Forgacs, Attila Jr."]
[WhiteFideId "6381383"]
[BlackFideId "773654"]
[WhiteElo "2182"]
[BlackElo "2168"]
[Result "1-0"]
[Round "04"]
[TimeControl "180+1"]
[Date "2022.10.26"]
[WhiteClock "0:01:55"]
[BlackClock "0:01:05"]

1. e4 e5 2. Nf3 Nc6 3. Bb5 a6 4. Ba4 Nf6 5. O-O Be7 6. Re1 b5 7. Bb3 O-O 8. h3 Bb7 9. d3 d5 10. Nbd2 dxe4 11. dxe4 Bc5 12. c3 Qe7 13. Nf1 Rad8 14. Qe2 Bb6 15. Ng3 g6 16. Nh4 Na5 17. Nhf5 gxf5 18. Nxf5 Qc5 19. Bg5 Nxe4 20. Be3 Qc6 21. Qg4+ Qg6 22. Ne7+ Kg7 23. Nxg6 fxg6 24. Bxb6 Nxf2 25. Bxf2 1-0


[Site "https://www.chess.com"]

[Event "Titled Tuesday Blitz October 25 Late 2022"]
[White "Guz, Ari"]
[Black "Gedgafov, Chamal"]
[WhiteFideId "2825759"]
[BlackFideId "34130621"]
[WhiteElo "2205"]
[BlackElo "2067"]
[Result "1-0"]
[Round "04"]
[TimeControl "180+1"]
[Date "2022.10.26"]
[WhiteClock "0:00:26"]
[BlackClock "0:01:01"]

1. e4 e6 2. Qe2 e5 3. Nf3 Nc6 4. c3 Bc5 5. Nxe5 Nxe5 6. d4 Bd6 7. dxe5 Bxe5 8. f4 Bf6 9. Be3 d6 10. Nd2 Ne7 11. O-O-O Be6 12. g4 g6 13. f5 Bd7 14. Bg2 a5 15. g5 Be5 16. Nf3 Nc6 17. Nxe5 Nxe5 18. h4 a4 19. Bd4 Qe7 20. f6 Qe6 21. Kb1 Qc4 22. Qxc4 Nxc4 23. e5 O-O-O 24. Bd5 Be6 25. Bxe6+ fxe6 26. exd6 cxd6 27. b3 axb3 28. axb3 Na3+ 29. Kb2 Nb5 30. Bb6 Rd7 31. Rhe1 e5 32. Re4 Re8 33. Ra4 Nc7 34. Rda1 Rf7 35. Rd1 Kd7 36. Rc4 Ne6 37. b4 h6 38. Kb3 hxg5 39. hxg5 Rh8 40. Bc5 Nxc5+ 41. bxc5 Ke6 42. cxd6 Rd7 43. Rc7 Rhd8 44. c4 Rxd6 45. Rxd6+ Rxd6 46. Re7+ Kf5 47. f7 Rd8 48. Re8 1-0


[Site "https://www.chess.com"]

[Event "Titled Tuesday Blitz October 25 Late 2022"]
[White "Harvey, Marcus R"]
[Black "Yeritsyan, Hayk"]
[WhiteFideId "400092"]
[BlackFideId "13307320"]
[WhiteElo "2457"]
[BlackElo "2407"]
[Result "1-0"]
[Round "04"]
[TimeControl "180+1"]
[Date "2022.10.26"]
[WhiteClock "0:01:07"]
[BlackClock "0:01:07"]

1. c4 c6 2. g3 d5 3. Bg2 Nf6 4. b3 Bf5 5. Bb2 e6 6. Nf3 h6 7. O-O Be7 8. d3 O-O 9. Nbd2 Bh7 10. Ne5 Nbd7 11. Ndf3 Nxe5 12. Nxe5 Nd7 13. Nxd7 Qxd7 14. Rc1 Qd8 15. e4 dxe4 16. dxe4 Qxd1 17. Rfxd1 Rfd8 18. f4 Rxd1+ 19. Rxd1 Rd8 20. Rxd8+ Bxd8 21. Kf2 Bb6+ 22. Ke2 Bc5 23. Bc3 Kf8 24. b4 Bd6 25. c5 Bc7 26. a4 a6 27. Kd3 f6 28. Kc4 e5 29. fxe5 Bxe5 30. Bxe5 fxe5 31. Bh3 Bxe4 32. Bc8 Bg2 33. Bxb7 Ke7 34. Kc3 Kd7 35. Bxa6 g5 36. Be2 Bd5 37. b5 Kc7 38. b6+ Kb7 39. a5 Kb8 40. a6 Be6 41. Bf3 Bd5 42. Bxd5 cxd5 43. c6 d4+ 44. Kd3 g4 45. a7+ Kc8 46. a8=Q# 1-0


[Site "https://www.chess.com"]

[Event "Titled Tuesday Blitz October 25 Late 2022"]
[White "Herman, Daniel"]
[Black "Faizrakhmanov, Ramil"]
[WhiteFideId "30935008"]
[BlackFideId "24103209"]
[WhiteElo "1897"]
[BlackElo "2421"]
[Result "1-0"]
[Round "04"]
[TimeControl "180+1"]
[Date "2022.10.26"]
[WhiteClock "0:00:46"]
[BlackClock "0:00:06"]

1. d4 Nf6 2. c4 e6 3. Nc3 Bb4 4. Qc2 d6 5. e4 Bxc3+ 6. bxc3 e5 7. Bd3 Nc6 8. Ne2 O-O 9. Bg5 h6 10. Bh4 exd4 11. cxd4 Nb4 12. Qb1 Nxd3+ 13. Qxd3 Re8 14. f3 g5 15. Bf2 Nh5 16. O-O Qf6 17. g3 b6 18. d5 Qg6 19. Bd4 f5 20. Nc3 Nf6 21. Rae1 fxe4 22. fxe4 Ng4 23. Nb5 Re7 24. Qf3 Qe8 25. e5 dxe5 26. d6 e4 27. dxe7 exf3 28. Nxc7 Ba6 29. Nxa8 f2+ 30. Bxf2 Nf6 31. Bd4 Qxa8 32. Rxf6 Qe8 33. Rf8+ 1-0


[Site "https://www.chess.com"]

[Event "Titled Tuesday Blitz October 25 Late 2022"]
[White "Hoffmann, Asa"]
[Black "Kalogeris, Ioannis"]
[WhiteFideId "2001470"]
[BlackFideId "4239563"]
[WhiteElo "2117"]
[BlackElo "2312"]
[Result "1-0"]
[Round "04"]
[TimeControl "180+1"]
[Date "2022.10.26"]
[WhiteClock "0:00:19"]
[BlackClock "0:00:06"]

1. d4 d5 2. Bg5 c5 3. dxc5 Qa5+ 4. Nc3 e6 5. e4 Nc6 6. exd5 exd5 7. Bb5 Be6 8. a3 h6 9. b4 Qc7 10. Bh4 Qe5+ 11. Nge2 f5 12. Bg3 Qf6 13. O-O g5 14. Nxd5 Bxd5 15. Qxd5 f4 16. Nd4 Ne7 17. Rae1 Rd8 18. Nxc6 Rxd5 19. Nxe7+ Kf7 20. Nxd5 Qd4 21. Rd1 Qb2 22. Bc4 Kg7 23. Nxf4 gxf4 24. Rd7+ Kg6 25. Bd3+ Kf6 26. Bxf4 Qc3 27. g3 Rg8 28. Rd1 Be7 29. Be4 b6 30. c6 Re8 31. c7 h5 32. h4 Bf8 33. Bg5+ Ke5 34. Rd8 1-0


[Site "https://www.chess.com"]

[Event "Titled Tuesday Blitz October 25 Late 2022"]
[White "Ismayil, Malak"]
[Black "Velikanov, Alexander"]
[WhiteFideId "13412604"]
[BlackFideId "2039290"]
[WhiteElo "1879"]
[BlackElo "2259"]
[Result "0-1"]
[Round "04"]
[TimeControl "180+1"]
[Date "2022.10.26"]
[WhiteClock "0:00:05"]
[BlackClock "0:00:13"]

1. e4 e5 2. Nf3 Nf6 3. Nxe5 d6 4. Nf3 Nxe4 5. Nc3 Nf6 6. d4 Be7 7. Bd3 O-O 8. O-O Bg4 9. h3 Bh5 10. Bg5 c5 11. Be2 Nc6 12. dxc5 dxc5 13. Qxd8 Raxd8 14. a3 h6 15. Be3 Nd4 16. Bxd4 cxd4 17. Nb1 Rc8 18. g4 Bg6 19. Nxd4 Bc5 20. Nb3 Bb6 21. c3 Nd5 22. Bf3 Nf4 23. h4 Bd3 24. N1d2 Bxf1 25. Kxf1 Nd3 26. Rb1 Nxf2 27. Bxb7 Rc7 28. Bf3 Nh3 29. Ne4 f5 30. gxf5 Rxf5 31. Kg2 Nf4+ 32. Kg3 Nd3 33. Nd6 Rf6 34. Bd5+ Kf8 35. Ne4 Rf5 36. c4 Re7 37. Nbd2 Bc7+ 38. Kg2 Nf4+ 39. Kh1 Nxd5 40. cxd5 Rxd5 41. Rf1+ Ke8 42. Rf2 Rde5 43. Nc3 Bb6 44. Rf3 Rh5 45. Rh3 g5 46. Rd3 Rxh4+ 47. Kg2 Rf4 48. Nf3 g4 49. Nh4 Re6 50. Nd5 Rd4 51. Rxd4 Bxd4 52. Nc7+ Kd7 53. Nxe6 Kxe6 54. Kg3 h5 55. Ng2 Kf5 56. b3 Kg5 57. Ne1 Be5+ 58. Kg2 h4 59. Nd3 Bd6 60. a4 h3+ 61. Kg1 g3 62. b4 Kg4 63. b5 Kf3 64. Ne1+ Ke2 65. Nc2 Bc5+ 66. Kh1 g2+ 67. Kh2 g1=Q+ 68. Kxh3 Kf3 69. Ne1+ Qxe1 70. Kh2 Qg3+ 71. Kh1 Qg2# 0-1


[Site "https://www.chess.com"]

[Event "Titled Tuesday Blitz October 25 Late 2022"]
[White "Itkis, Boris"]
[Black "Ibadov, Dashgyn"]
[WhiteFideId "1209167"]
[BlackFideId "24107514"]
[WhiteElo "2232"]
[BlackElo "2208"]
[Result "0-1"]
[Round "04"]
[TimeControl "180+1"]
[Date "2022.10.26"]
[WhiteClock "0:00:02"]
[BlackClock "0:00:04"]

1. c4 Nf6 2. Nf3 e6 3. b3 d5 4. Bb2 c5 5. e3 Nc6 6. g3 d4 7. exd4 cxd4 8. Bg2 e5 9. O-O Bd6 10. Re1 O-O 11. d3 Bg4 12. Nbd2 Re8 13. a3 a5 14. Qc2 Nd7 15. h3 Bh5 16. Ne4 Bf8 17. g4 Bg6 18. Qd2 f5 19. Ng3 fxg4 20. hxg4 Nf6 21. Nh4 Nxg4 22. Nxg6 hxg6 23. Bd5+ Kh7 24. Kg2 Be7 25. Rh1+ Nh6 26. Bc1 Bh4 27. Ne4 Rf8 28. Qe2 Rf4 29. Bxf4 exf4 30. Rxh4 Qxh4 31. Rh1 Qe7 32. Qg4 Ne5 33. Ng5+ Kh8 34. Qh4 Qf6 35. Kf1 Rd8 36. Ne4 Qxh4 37. Rxh4 Nxd3 38. Ng5 Nc5 39. Nf7+ Kh7 40. Nxd8 Nxb3 41. Rxf4 d3 42. Ke1 Nf5 43. Be4 Nfd4 44. Rh4+ Kg8 0-1


[Site "https://www.chess.com"]

[Event "Titled Tuesday Blitz October 25 Late 2022"]
[White "Janaszak, Dawid"]
[Black "Roman, Rodrigo"]
[WhiteFideId "1119206"]
[BlackFideId "3701220"]
[WhiteElo "2226"]
[BlackElo "2001"]
[Result "0-1"]
[Round "04"]
[TimeControl "180+1"]
[Date "2022.10.26"]
[WhiteClock "0:00:07"]
[BlackClock "0:00:16"]

1. e4 c5 2. Nc3 Nc6 3. Bb5 Nd4 4. Nf3 Nf6 5. e5 Ng8 6. O-O a6 7. Bd3 e6 8. b4 Nxf3+ 9. Qxf3 cxb4 10. Ne4 Nh6 11. Bb2 Be7 12. Qf4 Nf5 13. g4 Nh4 14. Qg3 b5 15. f4 Bb7 16. f5 Qb6+ 17. Kh1 exf5 18. gxf5 Qh6 19. f6 Bf8 20. fxg7 Bxg7 21. Rf4 Ng6 22. Rf3 O-O 23. Raf1 Qh4 24. Qxh4 Nxh4 25. Rg3 Ng6 26. Rf5 Rae8 27. Kg1 Bxe4 28. Bxe4 Kh8 29. d4 d6 30. Bc6 Rc8 31. Bd5 Rxc2 32. Rf2 Rxf2 33. Kxf2 dxe5 34. dxe5 Bxe5 35. Bxe5+ Nxe5 36. h3 a5 37. Re3 f6 38. Kg3 Rd8 39. Be4 Kg7 40. Bf5 a4 41. Re4 Rd3+ 42. Kg2 Rd2+ 43. Kg3 Rb2 44. Be6 h5 45. Kh4 Kh6 46. Rd4 Nf3+ 47. Kg3 Nxd4 0-1


[Site "https://www.chess.com"]

[Event "Titled Tuesday Blitz October 25 Late 2022"]
[White "Jensen, Matthew R"]
[Black "Joubert, Dantelle"]
[WhiteFideId "2018110"]
[BlackFideId "14310813"]
[WhiteElo "2286"]
[BlackElo "1507"]
[Result "1-0"]
[Round "04"]
[TimeControl "180+1"]
[Date "2022.10.26"]
[WhiteClock "0:00:39"]
[BlackClock "0:00:02"]

1. d4 d5 2. c4 c6 3. cxd5 cxd5 4. Bg5 Qb6 5. Nc3 e6 6. Qd2 Nc6 7. e3 a6 8. Bd3 Be7 9. h4 h6 10. Bf4 Nf6 11. Nge2 Bd7 12. Rc1 Na5 13. b3 Bb4 14. O-O Rc8 15. Qb2 Bd6 16. Bxd6 Qxd6 17. Na4 O-O 18. Nc5 Ng4 19. g3 Bc6 20. Qd2 Qd8 21. f3 Nf6 22. b4 Nc4 23. Bxc4 dxc4 24. Rxc4 Bb5 25. Rcc1 b6 26. Nd3 Qd5 27. Nef4 Qf5 28. e4 Nxe4 29. fxe4 Qxe4 30. Rce1 Qxd4+ 31. Qf2 Qd6 32. Re3 e5 33. Nxe5 Bxf1 34. Kxf1 Rc1+ 35. Kg2 Rfc8 36. Nf3 Qc6 37. Kh3 Rc2 38. Re2 Rxe2 39. Qxe2 Re8 40. Qd3 g5 41. hxg5 hxg5 42. Nh5 1-0


[Site "https://www.chess.com"]

[Event "Titled Tuesday Blitz October 25 Late 2022"]
[White "Jimenez Almeida, Luis David"]
[Black "Korchmar, Vasiliy"]
[WhiteFideId "22242244"]
[BlackFideId "24131750"]
[WhiteElo "2158"]
[BlackElo "2370"]
[Result "0-1"]
[Round "04"]
[TimeControl "180+1"]
[Date "2022.10.26"]
[WhiteClock "0:00:33"]
[BlackClock "0:00:38"]

1. Nf3 d5 2. b3 Bg4 3. e3 Nf6 4. h3 Bh5 5. d3 Nbd7 6. g4 Bg6 7. Nh4 e5 8. Bb2 Bd6 9. Bg2 c6 10. Nd2 a5 11. a4 O-O 12. Nxg6 hxg6 13. Qe2 b5 14. axb5 cxb5 15. g5 Nh5 16. Bxd5 Rc8 17. Nf3 Bb4+ 18. Kf1 Bc3 19. Bxc3 Rxc3 20. h4 Nc5 21. e4 Nf4 22. Qd2 Nxd5 23. exd5 b4 24. Kg2 Qxd5 25. Rxa5 e4 26. dxe4 Qxe4 27. Rh3 Ne6 28. Re5 Qc6 29. Re2 Qc7 30. Ne5 Rd8 31. Rxc3 Qb7+ 32. Rf3 Rxd2 33. Rxd2 Qe4 34. Nxf7 Nf4+ 35. Kg3 Nh5+ 36. Kg2 Qg4+ 37. Rg3 Nxg3 0-1


[Site "https://www.chess.com"]

[Event "Titled Tuesday Blitz October 25 Late 2022"]
[White "Jobava, Baadur"]
[Black "Karacsonyi, Gellert"]
[WhiteFideId "13601520"]
[BlackFideId "764620"]
[WhiteElo "3064"]
[BlackElo "2851"]
[Result "1-0"]
[Round "04"]
[TimeControl "180+1"]
[Date "2022.10.26"]
[WhiteClock "0:00:08"]
[BlackClock "0:00:05"]

1. e4 c5 2. c3 Nf6 3. e5 Nd5 4. Nf3 e6 5. g3 d6 6. exd6 Bxd6 7. Bg2 O-O 8. O-O Nc6 9. d4 cxd4 10. Nxd4 Nxd4 11. Qxd4 Nb6 12. Rd1 Be7 13. Qg4 Qc7 14. Qe2 e5 15. b3 Be6 16. c4 Rfd8 17. Rxd8+ Rxd8 18. Nc3 a6 19. Bb2 f6 20. h4 Bc5 21. Rd1 Rxd1+ 22. Nxd1 Nc8 23. Ne3 Ne7 24. Qd3 b6 25. Be4 h6 26. h5 Qd6 27. Nd5 Bxd5 28. cxd5 f5 29. Bxf5 Nxd5 30. Be4 Nf6 31. Qxd6 Bxd6 32. Bg6 Kf8 33. Kf1 Ke7 34. Ke2 Nd7 35. g4 Bc5 36. Bc1 Nf6 37. g5 hxg5 38. Bxg5 Ke6 39. Kf3 a5 40. a4 Nd5 41. Bd2 Nf4 42. Bc3 Nxg6 43. hxg6 Kf5 44. Ke2 Bd6 45. Kd3 Kxg6 46. Ke4 Kf6 47. Kd5 Bc5 48. Bxe5+ Kf5 49. f3 g5 50. Bc7 Bb4 51. Kc4 Be1 52. Kb5 Bf2 53. Bxb6 Bxb6 54. Kxb6 Kf4 55. Kxa5 Kxf3 56. b4 g4 57. b5 g3 58. b6 g2 59. b7 g1=Q 60. b8=Q Qc5+ 61. Qb5 Qa7+ 62. Kb4 Qd4+ 63. Qc4 Qb6+ 64. Ka3 Qd6+ 65. Qb4 Qc7 66. a5 Qc6 67. Qb3+ Ke2 68. Kb2 Qf6+ 69. Qc3 Qa6 70. Kb3 Qb5+ 71. Ka3 Qa6 72. Qb2+ Kd3 73. Qb3+ Kd4 74. Qb6+ 1-0


[Site "https://www.chess.com"]

[Event "Titled Tuesday Blitz October 25 Late 2022"]
[White "Kabanova, Ekaterina"]
[Black "Storey, Charles H"]
[WhiteFideId "24112917"]
[BlackFideId "406686"]
[WhiteElo "2141"]
[BlackElo "2252"]
[Result "0-1"]
[Round "04"]
[TimeControl "180+1"]
[Date "2022.10.26"]
[WhiteClock "0:00:04"]
[BlackClock "0:00:07"]

1. c4 g6 2. d4 Bg7 3. e4 c5 4. d5 d6 5. Nc3 e5 6. h3 Nf6 7. Nf3 Nbd7 8. g4 h5 9. g5 Nh7 10. Be3 a6 11. a3 O-O 12. b4 b6 13. Bd3 a5 14. bxa5 bxa5 15. Nb5 Qe7 16. Rb1 Ba6 17. Bd2 Bxb5 18. Rxb5 Rfb8 19. Rxa5 Rxa5 20. Bxa5 Nxg5 21. Bd2 Nxf3+ 22. Qxf3 Rb3 23. a4 Nb6 24. a5 Nxc4 25. Qe2 Nxd2 26. Qxd2 Bh6 27. Qc2 Ra3 28. a6 Qg5 29. Ke2 Qg2 30. Rb1 Bf4 31. Qb2 Ra5 32. a7 Kg7 33. Qb6 Ra2+ 34. Rb2 Rxb2+ 35. Qxb2 Bg3 36. Ke1 Qh1+ 37. Kd2 Bxf2 38. a8=Q Qe1+ 39. Kc2 Bd4 40. Qb1 Qc3+ 41. Kd1 c4 42. Be2 Qxh3 43. Qa5 c3 44. Qd3 Qh1+ 45. Kc2 Qe1 46. Qd1 Qh4 47. Bd3 Qf2+ 48. Qe2 Qg1 49. Qa2 Be3 50. Qb1 Qg5 51. Qbf1 Bf4 52. Qeg2 Qd8 53. Bc4 Qa5 54. Qb1 Qa4+ 55. Bb3 Qd4 56. Qd1 Qb4 57. Qb1 Qd4 58. Qe2 Bd2 59. Qa2 Qb4 60. Qa7 Qd4 61. Qf3 Qxa7 62. Qf2 Qa1 63. Kd3 Qb2 64. Bc2 Bc1 65. Qe2 Bd2 66. Qf1 Qb7 67. Qb1 Qa6+ 68. Qb5 Qxb5# 0-1


[Site "https://www.chess.com"]

[Event "Titled Tuesday Blitz October 25 Late 2022"]
[White "Kalaiyalahan, Akshaya"]
[Black "Dauw, Sterre"]
[WhiteFideId "422894"]
[BlackFideId "248886"]
[WhiteElo "2043"]
[BlackElo "2187"]
[Result "0-1"]
[Round "04"]
[TimeControl "180+1"]
[Date "2022.10.26"]
[WhiteClock "0:00:42"]
[BlackClock "0:01:56"]

1. d4 Nf6 2. Nc3 d5 3. Bf4 c6 4. Nf3 Bf5 5. e3 Nbd7 6. h3 e6 7. Be2 Bb4 8. O-O O-O 9. a3 Be7 10. Nd2 a5 11. Bf3 a4 12. e4 dxe4 13. Ndxe4 Nd5 14. Bh2 N7b6 15. Ne2 Nc4 16. Rb1 Bg6 17. Qd3 b5 18. Qd1 Qb6 19. Nf4 Rfd8 20. c3 Rac8 21. Qe2 Nxf4 22. Bxf4 c5 23. dxc5 Bxc5 24. Nxc5 Qxc5 25. Rfd1 Bxb1 0-1


[Site "https://www.chess.com"]

[Event "Titled Tuesday Blitz October 25 Late 2022"]
[White "Kisic, Bozidar"]
[Black "Saucey, Michel"]
[WhiteFideId "16500350"]
[BlackFideId "601845"]
[WhiteElo "2233"]
[BlackElo "2253"]
[Result "1-0"]
[Round "04"]
[TimeControl "180+1"]
[Date "2022.10.26"]
[WhiteClock "0:00:45"]
[BlackClock "0:00:14"]

1. d4 d5 2. Bf4 Nf6 3. Nc3 a6 4. Qd3 b5 5. e4 b4 6. Nxd5 Nxd5 7. exd5 Bb7 8. O-O-O Qxd5 9. Kb1 Nc6 10. Bxc7 e6 11. Be2 Be7 12. Bf3 Qd7 13. Bg3 O-O 14. Ne2 Rfd8 15. Rhe1 Bf6 16. Qe3 Na5 17. Bxb7 Qxb7 18. Qf3 Qb5 19. Be5 Bxe5 20. dxe5 Nc4 21. Nd4 Qd5 22. Qxd5 Rxd5 23. Nc6 Rxd1+ 24. Rxd1 a5 25. b3 Na3+ 26. Kb2 g5 27. Rd8+ Rxd8 28. Nxd8 1-0


[Site "https://www.chess.com"]

[Event "Titled Tuesday Blitz October 25 Late 2022"]
[White "Koellner, Ruben Gideon"]
[Black "Ansh M Shah"]
[WhiteFideId "12993093"]
[BlackFideId "25033379"]
[WhiteElo "2303"]
[BlackElo "2084"]
[Result "1-0"]
[Round "04"]
[TimeControl "180+1"]
[Date "2022.10.26"]
[WhiteClock "0:00:09"]
[BlackClock "0:00:02"]

1. d4 Nf6 2. Bg5 e6 3. Nd2 d5 4. e3 h6 5. Bh4 g5 6. Bg3 Bg7 7. h4 g4 8. h5 c5 9. c3 Nc6 10. Bd3 Bd7 11. Ne2 b6 12. Bh4 Qc7 13. Ng3 e5 14. Bf5 exd4 15. cxd4 cxd4 16. O-O dxe3 17. fxe3 Qe5 18. Bxd7+ Kxd7 19. Nc4 Qe6 20. Nf5 Bf8 21. Nd4 Nxd4 22. Qxd4 Be7 23. Bxf6 Bxf6 24. Rxf6 Qe4 25. Rxf7+ Ke6 26. Qxe4+ dxe4 27. Raf1 Rac8 28. Nd2 Rc2 29. Nxe4 Rxb2 30. Nc3 Rc8 31. Ne4 Rxa2 32. R7f6+ Ke5 33. R6f4 Ke6 34. Rxg4 Rcc2 35. Rf6+ Ke5 36. Rxh6 Kf5 37. Rf4+ Ke5 38. Rg6 Kd5 39. Kh2 b5 40. Nf6+ Kc5 41. h6 Kb6 42. h7 Ka5 43. h8=Q a6 44. Qd8+ Rc7 45. Qxc7# 1-0


[Site "https://www.chess.com"]